 Dungeon Crawl Stone Soup version 0.26.1-11-gd32895ea62 (webtiles) character file.

Game seed: 12683803128267229178

30 Arcadio the Grasshopper (level 3, 0/31 HPs)
             Began as a Palentonga Warper on May 18, 2021.
             Succumbed to an adder's poison
             ... on level 2 of the Dungeon.
             The game lasted 00:02:01 (1162 turns).

Arcadio the Grasshopper (Palentonga Warper)         Turns: 1162, Time: 00:02:02

Health: 0/31       AC:  4    Str: 15    XL:     3   Next: 3%
Magic:  6/6        EV:  9    Int: 13    God:
Gold:   110        SH:  0    Dex:  9    Spells: 6/6 levels left

rFire    . . .     SeeInvis +   a - +0 falchion
rCold    . . .     Faith    .   (no shield)
rNeg     . . .     Spirit   .   b - +0 leather armour
rPois    .         Reflect  .   (no helmet)
rElec    .         Harm     .   (no cloak)
rCorr    .         Rampage  .   (no gloves)
Will     .....                  (no barding)
Stlth    +.........             (no amulet)
HPRegen  0.10/turn              (no ring)
MPRegen  0.10/turn              (no ring)

@: lethally poisoned (0 -> -1)
A: large, rugged brown scales 3, see invisible, deformed body, roll 1, armoured
tail
a: Rolling Charge


You were on level 2 of the Dungeon.
You visited 1 branch of the dungeon, and saw 2 of its levels.

You collected 110 gold pieces.

Inventory:

Hand Weapons
 a - a +0 falchion (weapon)
Missiles
 e - 5 boomerangs of dispersal
 i - 4 boomerangs
Armour
 b - a +0 leather armour (worn)
Scrolls
 c - a scroll of immolation {unknown}
 d - a scroll of blinking
 f - a scroll of remove curse {unknown}
 g - a scroll of fog {unknown}
 h - a scroll of noise {unknown}


   Skills:
 - Level 2.0 Fighting
 + Level 2.4 Long Blades
 - Level 0.6 Throwing
 + Level 1.3 Armour
 + Level 2.0 Dodging
 - Level 2.0 Spellcasting
 + Level 3.3 Translocations


You had 6 spell levels left.
You didn't know any spells.
Your spell library contained the following spells:

 Spells                   Type           Power        Failure   Level
 Blink                    Tloc           N/A          12%         2
 Gell's Gravitas          Tloc           4%           24%         3
 Lesser Beckoning         Tloc           4%           24%         3
 Teleport Other           Tloc           9%           24%         3
 Passage of Golubria      Tloc           N/A          63%         4


Dungeon Overview and Level Annotations

Branches:
Dungeon (2/15)

Altars:


Innate Abilities, Weirdness & Mutations

You are completely covered in rugged brown scales. (AC +3, +7% HP)
You have supernaturally acute eyesight. (SInv)
Armour fits poorly on your strangely shaped body.
You can roll at nearby foes to attack.
You have a long armoured tail.


Message History

* * * LOW HITPOINT WARNING * * *
The adder barely misses you. The hobgoblin closely misses you.
You riposte.
You hit the hobgoblin.
The hobgoblin is moderately wounded.
You hit the adder.
You kill the adder!
The hobgoblin hits you.
* * * LOW HITPOINT WARNING * * *
Your Dodging skill increases to level 2!
You have reached level 3!
Your experience leads to an increase in your attributes!
Increase (S)trength, (I)ntelligence, or (D)exterity?
You feel stronger.
You aren't carrying any potions.
You closely miss the hobgoblin.
The hobgoblin is moderately wounded.
The hobgoblin hits you but does no damage.
You hit the hobgoblin.
You kill the hobgoblin!
You die...

. #.### .
...#######
...#.......#
......†.†..#
#...†@...#
#.........#
#.........#
##........#
#.....#+#.#
#..##.# ...
#?. #.# #.#
#.. ..# .+


There were no monsters in sight!

Vanquished Creatures
  An adder (D:2)
  A dart slug (D:1)
  A leopard gecko (D:1)
  A ball python (D:2)
  2 bats (D:1)
  A giant cockroach (D:1)
  3 hobgoblins
  A frilled lizard (D:1)
  2 goblins (D:1)
  4 kobolds (D:1)
  A rat (D:1)
18 creatures vanquished.

Notes
Turn   | Place    | Note
-------+----------+-------------------------------------------
     0 | D:1      | Arcadio the Palentonga Warper began the quest for the Orb.
     0 | D:1      | Reached XP level 1. HP: 18/18 MP: 3/3
   250 | D:1      | Reached skill level 1 in Armour
   440 | D:1      | Reached XP level 2. HP: 25/25 MP: 5/5
  1160 | D:2      | HP: 1/25 [hobgoblin (2)]
  1161 | D:2      | Reached XP level 3. HP: 1/31 MP: 6/6
  1162 | D:2      | Succumbed to an adder's poison

Illustrated notes

Levels and vault maps discovered:
D:1:      ncdulo_watergridlock, layout_loops_corners
D:2:      layout_basic, chequers_temple_overflow_minitemple,
          lightli_corner_chamber

Skill      XL: |  1  2 |
---------------+-------+-----
Armour         | 1 |  1.3
Dodging        | 2 |  2.0
Fighting       | |  2.0
Long Blades    | |  2.4
Throwing       | |  0.6
Spellcasting   | |  2.0
Translocations | |  3.3

Action                   || total
-------------------------++-------
Melee: Falchion          ||    60
       Tailslap          ||     7
 Abil: Rolling Charge    ||     1
Armor: Leather armour    ||    24
Dodge: Dodged            ||    57
       Rpst.: Falchion   ||    22
